 Dungeon Crawl Stone Soup version 0.29-a0-664-gff9cad4a3d (webtiles) character file.

Game seed: 12134316212066834299

30 DocClef the Skirmisher (level 3, -2/20 HPs)
             Began as a Vine Stalker Fighter on June 22, 2022.
             Frozen to death by an endoplasm (3 damage)
             ... on level 2 of the Dungeon.
             The game lasted 00:01:13 (1172 turns).

DocClef the Skirmisher (Vine Stalker Fighter)       Turns: 1172, Time: 00:01:14

Health: -2/20      AC:  3    Str: 18 (20) XL:     3   Next: 20%
Magic:  0/13       EV:  9    Int:  6 (8)  God:
Gold:   42         SH:  4    Dex: 10 (13) Spells: 2/2 levels left

rFire   . . .      SeeInvis .   a - +0 flail
rCold   . . .      Faith    .   c - +0 buckler
rNeg    . . .      Spirit   +   b - +0 scale mail
rPois   .          Reflect  .   (no helmet)
rElec   .          Harm     .   (no cloak)
rCorr   .          Rampage  .   (no gloves)
Will    .....      Rnd*Tele +   (no boots)
Stlth   ..........              (no amulet)
HPRegen 0.06/turn               e - ring of wizardry
MPRegen 0.13/turn               h - ring of magical power

@: no status effects
A: fangs 2, magic shield, antimagic bite, no potion heal 2, deformed body,
teleportitis 1
a: no special abilities


You were on level 2 of the Dungeon.
You visited 1 branch of the dungeon, and saw 2 of its levels.

You collected 42 gold pieces.

Inventory:

Hand Weapons
 a - a +0 flail (weapon)
Armour
 b - a +0 scale mail (worn)
 c - a +0 buckler (worn)
Jewellery
 e - a ring of wizardry (left hand)
 h - a ring of magical power (right hand)
Scrolls
 g - a scroll of blinking {unknown}
Potions
 d - a potion of might
 f - a potion of cancellation


   Skills:
 - Level 3.1 Fighting
 + Level 2.8 Maces & Flails
 - Level 2.4 Armour
 - Level 2.6 Shields


You had 2 spell levels left.
You didn't know any spells.
Your spell library contained the following spells:

 Spells                   Type           Power      Damage    Failure   Level
 Sting                    Tmut/Pois      0%         1d3       61%         1
 Poisonous Vapours        Pois/Air       0%         N/A       75%         2
 Olgreb's Toxic Radiance  Pois           0%         N/A       100%        4


Dungeon Overview and Level Annotations

Branches:
Dungeon (2/15)

Altars:


Innate Abilities, Weirdness & Mutations

You have extremely sharp teeth.
When hurt, damage is shared between your health and your magic reserves.
Your bite disrupts and absorbs the magic of your enemies.
Potions cannot restore your health.
Armour fits poorly on your strangely shaped body.
You are occasionally teleported next to monsters.


Message History

The endoplasm hits you. The endoplasm freezes you.
You are frozen.
The endoplasm barely misses you.
The endoplasm hits you but does no damage.
The endoplasm freezes you.
You are frozen.
The endoplasm freezes you.
You are frozen.
The endoplasm hits you. The endoplasm freezes you.
You are frozen.
The endoplasm freezes you.
You are frozen.
The endoplasm freezes you.
You are frozen.
The endoplasm freezes you.
You are frozen.
The endoplasm barely misses you. The endoplasm freezes you.
You are frozen.
* * * LOW HITPOINT WARNING * * *
The endoplasm freezes you.
You are frozen.
* * * LOW HITPOINT WARNING * * *
The endoplasm hits you but does no damage.
The endoplasm freezes you.
You are frozen.
The endoplasm closely misses you.
The endoplasm hits you but does no damage.
The endoplasm hits you.
* * * LOW HITPOINT WARNING * * *
The endoplasm hits you but does no damage.
The endoplasm closely misses you. The endoplasm barely misses you.
The endoplasm hits you but does no damage.
The endoplasm closely misses you. The endoplasm freezes you.
You are frozen.
You die...

#.# #.# #.# #.<#
#.###.# .. #.[...#
.# #[...## #.#
#.>#.## .. #......
.# ####.## ###J#
#... #.@.# ###.
#.### ##
#.#################
#..................
###################


You could see an endoplasm.

Vanquished Creatures
  A dart slug (D:1)
  4 bats
  2 endoplasms
  2 giant cockroaches (D:2)
  3 goblins (D:1)
  2 hobgoblins
  2 jackals (D:1)
  6 kobolds
  A ball python (D:1)
  4 rats (D:1)
27 creatures vanquished.

Notes
Turn   | Place    | Note
-------+----------+-------------------------------------------
     0 | D:1      | DocClef the Vine Stalker Fighter began the quest for the
                  | Orb.
     0 | D:1      | Reached XP level 1. HP: 11/11 MP: 2/2
    57 | D:1      | Reached skill level 3 in Fighting
   114 | D:1      | Reached XP level 2. HP: 10/16 MP: 3/3
   556 | D:1      | Found a faded altar of an unknown god.
   969 | D:2      | Reached XP level 3. HP: 20/20 MP: 4/4
  1092 | D:2      | Gained mutation: You are occasionally teleported next to
                  | monsters. [potion of mutation]
  1092 | D:2      | Gained mutation: Armour fits poorly on your strangely
                  | shaped body. [potion of mutation]
  1092 | D:2      | Gained mutation: You are weak. (Str -2) [potion of
                  | mutation]
  1092 | D:2      | Lost mutation: You are weak. (Str -2) [potion of mutation]
  1161 | D:2      | HP: 1/20 [frozen (3)]
  1166 | D:2      | HP: 1/20 [endoplasm (1)]
  1172 | D:2      | Frozen to death by an endoplasm

Illustrated notes

Levels and vault maps discovered:
D:1:      roderic_crop_circles_arrival_small, layout_basic,
          chequers_ecumenical_altar_simple, serial_park_tiny_2
D:2:      layout_rooms, hex_intersection

Skill      XL: |  1  2 |
---------------+-------+-----
Fighting       | 3 |  3.1
Maces & Flails | 2 |  2.8
Armour         | |  2.4
Shields        | |  2.6

Action                   || total
-------------------------++-------
Melee: Flail             ||    47
       Bite              ||    15
  Use: Potion            ||     4
       Scroll            ||     1
Armor: Scale mail        ||    27
Dodge: Dodged            ||    34
Block: Buckler           ||     9

Table legend: (Time is in decaauts)
 A = Elapsed time spent in this place.
 B = Non-inter-level travel time spent in this place.
 C = Inter-level travel time spent in this place.
 D = Time resting spent in this place.
 E = Time spent auto-exploring this place.
 F = Levels seen in this place.
 G = Mean time per level.
                   A        B        C        D        E       F      G
               +--------+--------+--------+--------+--------+-----+--------+
         Total |   1186 |   1160 |     26 |      0 |    961 |   2 |  593.0 |
       Dungeon |   1186 |   1160 |     26 |      0 |    961 |   2 |  593.0 |
               +--------+--------+--------+--------+--------+-----+--------+

Top non-repeatable levels by time:
     D:1: 973 daAuts
     D:2: 212 daAuts
